Pirates vs Admirals NSH

Created - Monday, February 23, 2015 at 23:44

Goals
1 2 3 T
Pirates 2 1 1 4
Admirals NSH 0 0 0 0
Shots
1 2 3 T
Pirates 10 7 6 23
Admirals NSH 8 5 6 19

1st period

1. Pirates , Bobby Butler 10 (Ryan Stoa) at 2:25
2. Pirates , Eric Tangradi 30 (Andrew Alberts) at 18:23

Penalties :
Sam Klassen (POR) for Holding (Minor) at 6:25

2nd period

3. Pirates , Eric Tangradi 31 (Brandon Segal) at 4:52

Penalties :
Frazer McLaren (MIL) for Fighting (Major) at 3:24, David Steckel (POR) for Fighting (Major) at 3:24, Mike Blunden (MIL) for Hooking (Minor) at 5:58

3rd period

4. Pirates , Brandon Segal 12 (Eric Tangradi, David Steckel) at 2:32

Penalties :
Corey Tropp (MIL) for Roughing (Minor) at 2:59, David Steckel (POR) for Slashing (Minor) at 7:29

Goalie Stats

Magnus Hellberg (POR), 19 saves from 19 shots - (1.000), W, 11-1-2, 60:00 minutes
Johan Gustafsson (MIL), 14 saves from 18 shots - (0.778), L, 20-46-5, 42:32 minutes
Jeremy Smith (MIL), 5 saves from 5 shots - (1.000), 17:28 minutes

Players Stats for Pirates

Player Name              G  A  P  +/- PIM S  H  SB GA TA FO     MP     PP MP  PK MP  
------------------------------------------------------------------------------------
Andrew Alberts           0  1  1   2  0   1  2  4  0  3  0/0    22:14   2:22   2:59 
Bobby Butler             1  0  1   1  0   2  1  2  5  0  2/2    21:44   2:05   2:13 
Brandon Segal            1  1  2   3  0   3  1  2  1  0  0/0    18:28   1:53   0:00 
David Steckel            0  1  1   2  7   1  2  0  3  0  7/10   16:22   0:56   0:34 
Eric Tangradi            2  1  3   3  0   8  1  0  7  1  0/0    17:32   1:53   0:00 
Freddie Hamilton         0  0  0   0  0   1  2  1  2  0  0/0    14:33   0:00   0:00 
Gabriel Dumont           0  0  0   1  0   1  0  0  0  0  0/0     8:33   0:00   0:00 
Gilbert Brule            0  0  0   0  0   1  4  0  5  2  6/13   18:07   2:05   2:43 
Henrik Tommernes         0  0  0   1  0   0  0  0  0  1  0/0    19:55   1:36   0:59 
Mike Komisarek           0  0  0   2  0   0  0  0  0  0  0/0    22:14   2:22   2:59 
Nick Johnson             0  0  0   0  0   0  0  0  0  1  1/1    16:01   0:17   0:41 
Peter Holland            0  0  0   0  0   1  2  0  7  1  3/7    17:14   0:40   0:15 
Ryan Craig               0  0  0   0  0   2  0  1  3  3  0/0    15:58   2:05   0:34 
Ryan Stoa                0  1  1   2  0   2  3  0  1  0  5/5    11:11   0:00   0:56 
Sam Klassen              0  0  0   1  2   0  1  1  0  0  0/0    18:07   0:00   0:00 
Tobias Rieder            0  0  0   0  0   0  0  0  0  0  0/0     0:00   0:00   0:00 
Tyler Cuma               0  0  0   1  0   0  1  1  0  0  0/0    17:51   0:00   0:00 
Vincent LoVerde          0  0  0   1  0   0  3  1  0  1  0/0    19:55   1:36   0:59 

Players Stats for Admirals NSH

Player Name              G  A  P  +/- PIM S  H  SB GA TA FO     MP     PP MP  PK MP  
------------------------------------------------------------------------------------
Alexey Marchenko         0  0  0  -2  0   1  2  0  0  2  0/0    23:04   2:52   1:05 
Brody Sutter             0  0  0  -3  0   2  1  0  5  1  3/7    21:35   1:37   1:01 
Cameron Schilling        0  0  0  -2  0   1  2  1  1  2  0/0    18:35   0:00   2:53 
Corey Tropp              0  0  0  -1  2   1  1  0  2  1  0/0    19:03   1:53   0:00 
Farm Player71            0  0  0  -1  0   0  0  0  0  0  1/2    15:59   0:47   1:40 
Frazer McLaren           0  0  0   0  5   3  2  2  2  4  0/1    18:12   1:08   0:16 
Frederic St. Denis       0  0  0  -1  0   1  1  0  1  2  0/0    10:01   0:20   0:00 
Fredrik Claesson         0  0  0  -1  0   0  1  4  0  6  0/0    28:25   0:46   2:53 
Jamie Tardif             0  0  0  -1  0   0  0  0  0  0  2/8    20:54   2:30   2:20 
Jyrki Jokipakka          0  0  0   0  0   1  3  0  1  0  0/0    18:38   1:46   0:00 
Lane MacDermid           0  0  0   0  0   0  0  0  1  0  0/0     3:27   0:00   0:00 
Marcel Noebels           0  0  0  -2  0   3  0  1  1  0  0/0    16:25   0:00   0:00 
Mike Blunden             0  0  0  -3  2   1  0  0  0  0  7/18   22:06   1:06   1:13 
Nikita Nesterov          0  0  0   0  0   0  0  0  0  0  0/0     3:07   0:00   0:00 
Patrick Mullen           0  0  0  -2  0   4  1  3  1  0  0/0    25:36   2:12   1:05 
Pierre-Cedric Labrie     0  0  0  -1  0   1  1  0  2  1  1/1    18:34   2:25   1:04 
Wade Megan               0  0  0   0  0   0  2  0  0  0  0/0     3:35   0:00   0:00 
Zach Hamill              0  0  0   0  0   0  0  0  1  1  0/1     8:43   0:28   0:22 

3 Stars

1 - Eric Tangradi (POR)
2 - Brandon Segal (POR)
3 - Magnus Hellberg (POR)

Power Play

Pirates - 0 on 2 Attempt(s) - 0.00%
Admirals NSH - 0 on 2 Attempt(s) - 0.00%

Penalty Kill

Pirates - 2 on 2 Attempt(s) - 100.00% - Score 0 goal in Penalty Kill
Admirals NSH - 2 on 2 Attempt(s) - 100.00% - Score 0 goal in Penalty Kill

Team Stat

Pirates - Hits : 23 - Faceoff Wins : 24 - Blocked Shots : 13 - Penalty Minutes : 9
Admirals NSH - Hits : 17 - Faceoff Wins : 14 - Blocked Shots : 11 - Penalty Minutes : 9

Official

Referees : Unknown
Linesman : Unknown

Game Notes

David Steckel beats up Frazer McLaren at 3:24 of 2nd period
Jeremy Smith enters game at 2:32 of 3rd period

Finance

Level 1 -- Attendance: 1507 (75.35%) -- Ticket Income $52,745
Level 2 -- Attendance: 727 (72.70%) -- Ticket Income $10,905
Total Attendance: 2234 (74.47%)
Total Ticket Income: $63,650
Other Income: $31,188
Total Income: $94,838

Pirates

5 vs 5 Forward 
   Center                   Left Wing                Right Wing               Time % Phy DF OF 
 1 Gilbert Brule            Ryan Craig               Bobby Butler             35     1   2  2  
 2 David Steckel            Eric Tangradi            Brandon Segal            30     1   2  2  
 3 Peter Holland            Nick Johnson             Freddie Hamilton         22     1   2  2  
 4 Ryan Stoa                Bobby Butler             Gabriel Dumont           13     1   2  2  

5 vs 5 Defense 
   Defense                  Defense                                           Time % Phy DF OF 
 1 Mike Komisarek           Andrew Alberts                                    35     1   2  2  
 2 Henrik Tommernes         Vincent LoVerde                                   30     1   2  2  
 3 Tyler Cuma               Sam Klassen                                       22     1   2  2  
 4 Mike Komisarek           Andrew Alberts                                    13     1   2  2  

PowerPlay Forward 
   Center                   Left Wing                Right Wing               Time % Phy DF OF 
 1 Gilbert Brule            Ryan Craig               Bobby Butler             60     1   2  2  
 2 David Steckel            Eric Tangradi            Brandon Segal            40     1   2  2  

PowerPlay Defense
   Defense                  Defense                                           Time % Phy DF OF 
 1 Mike Komisarek           Andrew Alberts                                    60     1   2  2  
 2 Henrik Tommernes         Vincent LoVerde                                   40     1   2  2  

Penalty Kill 4 Players Forward 
   Center                   Wing                     Time % Phy DF OF 
 1 Bobby Butler             Gilbert Brule            60     1   2  2  
 2 David Steckel            Ryan Craig               40     1   2  2  

Penalty Kill 4 Players Defense
   Defense                  Defense                  Time % Phy DF OF 
 1 Mike Komisarek           Andrew Alberts           60     1   2  2  
 2 Henrik Tommernes         Vincent LoVerde          40     1   2  2  

Penalty Kill - 3 Players Forward 
   Forward                                           Time % Phy DF OF 
 1 Bobby Butler                                      60     1   2  2  
 2 Gilbert Brule                                     40     1   2  2  

Penalty Kill - 3 Players Defense
   Defense                  Defense                  Time % Phy DF OF 
 1 Mike Komisarek           Andrew Alberts           60     1   2  2  
 2 Henrik Tommernes         Vincent LoVerde          40     1   2  2  

4 vs 4 Forward 
   Center                   Wing                     Time % Phy DF OF 
 1 Bobby Butler             Gilbert Brule            60     1   2  2  
 2 David Steckel            Ryan Craig               40     1   2  2  

4 vs 4 Defense
   Defense                  Defense                  Time % Phy DF OF 
 1 Mike Komisarek           Andrew Alberts           60     1   2  2  
 2 Henrik Tommernes         Vincent LoVerde          40     1   2  2  

Last Minutes Offensive
   Center                   Left Wing                Right Wing               Defense                  Defense                  
   Gilbert Brule            Ryan Craig               Bobby Butler             Mike Komisarek           Andrew Alberts           

Last Minutes Defensive
   Center                   Left Wing                Right Wing               Defense                  Defense                  
   Gilbert Brule            Ryan Craig               Bobby Butler             Mike Komisarek           Andrew Alberts           

Goaltenders
Starting : Magnus Hellberg          
Backup : Malcolm Subban           

Extra Forwards
Normal : Peter Holland, Nick Johnson, Ryan Stoa - PP : Peter Holland, Nick Johnson - PK : Ryan Stoa
Extra Defensemen
Normal : Tyler Cuma, Sam Klassen, Henrik Tommernes - PP : Tyler Cuma - PK : Sam Klassen, Henrik Tommernes
Penalty Shots
Bobby Butler, Gilbert Brule, David Steckel, Ryan Craig, Brandon Segal

Admirals NSH

5 vs 5 Forward 
   Center                   Left Wing                Right Wing               Time % Phy DF OF 
 1 Jamie Tardif             Mike Blunden             Corey Tropp              25     1   2  2  
 2 Brody Sutter             Frazer McLaren           Pierre-Cedric Labrie     25     1   2  2  
 3 Mike Blunden             Corey Tropp              Jamie Tardif             25     1   2  2  
 4 Mike Blunden             Marcel Noebels           Brody Sutter             25     1   2  2  

5 vs 5 Defense 
   Defense                  Defense                                           Time % Phy DF OF 
 1 Fredrik Claesson         Jyrki Jokipakka                                   30     1   2  2  
 2 Patrick Mullen           Alexey Marchenko                                  28     1   2  2  
 3 Fredrik Claesson         Cameron Schilling                                 21     1   2  2  
 4 Fredrik Claesson         Patrick Mullen                                    21     1   2  2  

PowerPlay Forward 
   Center                   Left Wing                Right Wing               Time % Phy DF OF 
 1 Mike Blunden             Frazer McLaren           Corey Tropp              50     1   2  2  
 2 Brody Sutter             Jamie Tardif             Pierre-Cedric Labrie     50     1   2  2  

PowerPlay Defense
   Defense                  Defense                                           Time % Phy DF OF 
 1 Fredrik Claesson         Jyrki Jokipakka                                   50     1   2  2  
 2 Patrick Mullen           Alexey Marchenko                                  50     1   2  2  

Penalty Kill 4 Players Forward 
   Center                   Wing                     Time % Phy DF OF 
 1 Mike Blunden             Jamie Tardif             60     1   2  2  
 2 Corey Tropp              Brody Sutter             40     1   2  2  

Penalty Kill 4 Players Defense
   Defense                  Defense                  Time % Phy DF OF 
 1 Fredrik Claesson         Cameron Schilling        60     1   2  2  
 2 Patrick Mullen           Alexey Marchenko         40     1   2  2  

Penalty Kill - 3 Players Forward 
   Forward                                           Time % Phy DF OF 
 1 Brody Sutter                                      60     1   2  2  
 2 Mike Blunden                                      40     1   2  2  

Penalty Kill - 3 Players Defense
   Defense                  Defense                  Time % Phy DF OF 
 1 Fredrik Claesson         Cameron Schilling        60     1   2  2  
 2 Patrick Mullen           Alexey Marchenko         40     1   2  2  

4 vs 4 Forward 
   Center                   Wing                     Time % Phy DF OF 
 1 Jamie Tardif             Mike Blunden             60     1   2  2  
 2 Corey Tropp              Brody Sutter             40     1   2  2  

4 vs 4 Defense
   Defense                  Defense                  Time % Phy DF OF 
 1 Fredrik Claesson         Jyrki Jokipakka          60     1   2  2  
 2 Patrick Mullen           Alexey Marchenko         40     1   2  2  

Last Minutes Offensive
   Center                   Left Wing                Right Wing               Defense                  Defense                  
   Brody Sutter             Mike Blunden             Corey Tropp              Fredrik Claesson         Jyrki Jokipakka          

Last Minutes Defensive
   Center                   Left Wing                Right Wing               Defense                  Defense                  
   Brody Sutter             Mike Blunden             Corey Tropp              Fredrik Claesson         Jyrki Jokipakka          

Goaltenders
Starting : Johan Gustafsson         
Backup : Jeremy Smith             

Extra Forwards
Normal : Jamie Tardif, Brody Sutter, Mike Blunden - PP : Jamie Tardif, Brody Sutter - PK : Brody Sutter
Extra Defensemen
Normal : Fredrik Claesson, Cameron Schilling, Patrick Mullen - PP : Fredrik Claesson - PK : Cameron Schilling, Patrick Mullen
Penalty Shots
Corey Tropp, Jamie Tardif, Frazer McLaren, Brody Sutter, Mike Blunden

% Time on Ice - Pirates

Lines # - Real PCT - Wanted PCT - Time Play
Normal Forward
1 - 26% - 35% - 13:19
2 - 30% - 30% - 15:39
3 - 28% - 22% - 14:33
4 - 16% - 13% - 8:33
Normal Defense
1 - 28% - 35% - 14:50
2 - 33% - 30% - 17:20
3 - 34% - 22% - 17:51
4 - 4% - 13% - 2:03
PP Forward
1 - 53% - 60% - 2:05
2 - 47% - 40% - 1:53
PP Defense
1 - 60% - 60% - 2:22
2 - 40% - 40% - 1:36
PK Forward
1 - 86% - 60% - 3:24
2 - 14% - 40% - 0:34
PK Defense
1 - 75% - 60% - 2:59
2 - 25% - 40% - 0:59
PK3 Forward
1 - 0% - 60%
2 - 0% - 40%
PK3 Defense
1 - 0% - 60%
2 - 0% - 40%
44 Forward
1 - 0% - 60%
2 - 0% - 40%
44 Defense
1 - 0% - 60%
2 - 0% - 40%
Last Minute Offensive  - 0:00
Last Minute Defensive  - 0:00
Total
Forward - 60:00
Defense - 60:00

% Time on Ice - Admirals NSH

Lines # - Real PCT - Wanted PCT - Time Play
Normal Forward
1 - 20% - 25% - 10:27
2 - 29% - 25% - 15:16
3 - 20% - 25% - 10:27
4 - 31% - 25% - 15:54
Normal Defense
1 - 36% - 30% - 18:31
2 - 28% - 28% - 14:37
3 - 22% - 21% - 11:14
4 - 15% - 21% - 7:42
PP Forward
1 - 37% - 50% - 1:28
2 - 63% - 50% - 2:30
PP Defense
1 - 45% - 50% - 1:46
2 - 55% - 50% - 2:12
PK Forward
1 - 100% - 60% - 3:58
2 - 0% - 40% - 0:00
PK Defense
1 - 73% - 60% - 2:53
2 - 27% - 40% - 1:05
PK3 Forward
1 - 0% - 60%
2 - 0% - 40%
PK3 Defense
1 - 0% - 60%
2 - 0% - 40%
44 Forward
1 - 0% - 60%
2 - 0% - 40%
44 Defense
1 - 0% - 60%
2 - 0% - 40%
Last Minute Offensive  - 0:00
Last Minute Defensive  - 0:00
Total
Forward - 60:00
Defense - 60:00

Play by Play

1st period


0:01 of 1st period - Jamie Tardif wins face-off versus Gilbert Brule in neutral zone.
0:04 of 1st period - Slapshot by Fredrik Claesson.
0:04 of 1st period - Shot Blocked by Andrew Alberts.
0:16 of 1st period - Wrist shot by Gilbert Brule.
0:16 of 1st period - Deflect By Ryan Craig.
0:16 of 1st period - Stopped by Johan Gustafsson with a rebound.
1:01 of 1st period - Icing by Fredrik Claesson.
1:02 of 1st period - David Steckel wins face-off versus Jamie Tardif in Admirals NSH zone.
2:03 of 1st period - Snap shot by Frazer McLaren.
2:03 of 1st period - Stopped by Magnus Hellberg with a rebound.
2:05 of 1st period - Slapshot by Brody Sutter.
2:05 of 1st period - Stopped by Magnus Hellberg with a rebound.
2:25 of 1st period - Snap shot by Bobby Butler.
2:25 of 1st period - Goal by Bobby Butler - Pirates : 1 - Admirals NSH : 0.
2:26 of 1st period - Gilbert Brule wins face-off versus Mike Blunden in neutral zone.
3:06 of 1st period - Bobby Butler is hit by Patrick Mullen and loses puck.
3:35 of 1st period - Snap shot by Eric Tangradi.
3:35 of 1st period - Stopped by Johan Gustafsson with a rebound.
3:37 of 1st period - Wrist shot by David Steckel.
3:37 of 1st period - Deflect By Eric Tangradi.
3:37 of 1st period - Shot Misses the Net.
3:37 of 1st period - Puck is out of play.
3:38 of 1st period - David Steckel wins face-off versus Brody Sutter in Admirals NSH zone.
3:53 of 1st period - Wrist shot by Eric Tangradi.
3:53 of 1st period - Stopped by Johan Gustafsson with a rebound.
3:55 of 1st period - Slapshot by Andrew Alberts.
3:55 of 1st period - Stopped by Johan Gustafsson with a rebound.
4:28 of 1st period - Slapshot by Patrick Mullen.
4:28 of 1st period - Shot Misses the Net.
4:30 of 1st period - Backhand shot by Patrick Mullen.
4:30 of 1st period - Stopped by Magnus Hellberg without a rebound.
4:31 of 1st period - Mike Blunden wins face-off versus Peter Holland in Pirates zone.
5:14 of 1st period - Wrist shot by Ryan Stoa.
5:14 of 1st period - Stopped by Johan Gustafsson with a rebound.
5:18 of 1st period - Wrist shot by Gabriel Dumont.
5:18 of 1st period - Stopped by Johan Gustafsson without a rebound.
5:19 of 1st period - Ryan Stoa wins face-off versus Brody Sutter in Admirals NSH zone.
6:25 of 1st period - Minor Penalty to Sam Klassen for Holding.
6:26 of 1st period - Bobby Butler wins face-off versus Jamie Tardif in Pirates zone.
6:36 of 1st period - Backhand shot by Patrick Mullen.
6:36 of 1st period - Shot Blocked by Andrew Alberts.
6:38 of 1st period - Slapshot by Patrick Mullen.
6:38 of 1st period - Shot Misses the Net.
7:54 of 1st period - Snap shot by Frazer McLaren.
7:54 of 1st period - Shot Misses the Net.
7:56 of 1st period - Snap shot by Fredrik Claesson.
7:56 of 1st period - Shot Misses the Net.
8:15 of 1st period - Jamie Tardif is hit by Gilbert Brule and loses puck.
8:25 of 1st period - Penalty to Sam Klassen is over, Sam Klassen is back on ice.
9:00 of 1st period - Snap shot by Marcel Noebels.
9:00 of 1st period - Stopped by Magnus Hellberg with a rebound.
9:02 of 1st period - Slapshot by Brody Sutter.
9:02 of 1st period - Stopped by Magnus Hellberg with a rebound.
9:27 of 1st period - Henrik Tommernes is hit by Jyrki Jokipakka and loses puck.
9:55 of 1st period - Slapshot by Marcel Noebels.
9:55 of 1st period - Stopped by Magnus Hellberg with a rebound.
10:53 of 1st period - Andrew Alberts is hit by Fredrik Claesson and loses puck.
12:10 of 1st period - Slapshot by Peter Holland.
12:10 of 1st period - Shot Misses the Net.
12:36 of 1st period - Off-side.
12:37 of 1st period - Gilbert Brule wins face-off versus Zach Hamill in neutral zone.
12:40 of 1st period - Alexey Marchenko is hit by Gilbert Brule and loses puck.
13:29 of 1st period - Corey Tropp is hit by Sam Klassen and loses puck.
13:54 of 1st period - Fredrik Claesson is hit by Gilbert Brule and loses puck.
14:24 of 1st period - Brody Sutter is hit by Peter Holland.
14:28 of 1st period - Jyrki Jokipakka is hit by Vincent LoVerde.
14:38 of 1st period - Pierre-Cedric Labrie is hit by Vincent LoVerde and loses puck.
14:45 of 1st period - Henrik Tommernes is hit by Pierre-Cedric Labrie and loses puck.
15:10 of 1st period - Eric Tangradi is hit by Wade Megan.
15:18 of 1st period - Wrist shot by Brandon Segal.
15:18 of 1st period - Deflect By Eric Tangradi.
15:18 of 1st period - Stopped by Johan Gustafsson without a rebound.
15:19 of 1st period - Mike Blunden wins face-off versus David Steckel in Admirals NSH zone.
15:34 of 1st period - Snap shot by Pierre-Cedric Labrie.
15:34 of 1st period - Deflect By Mike Blunden.
15:34 of 1st period - Shot Misses the Net.
15:34 of 1st period - Puck is out of play.
15:35 of 1st period - Pierre-Cedric Labrie wins face-off versus Gilbert Brule in Pirates zone.
15:54 of 1st period - Gilbert Brule is hit by Cameron Schilling and loses puck.
16:21 of 1st period - Tyler Cuma is hit by Frazer McLaren and loses puck.
16:34 of 1st period - Wrist shot by Eric Tangradi.
16:34 of 1st period - Deflect By Brandon Segal.
16:34 of 1st period - Shot Misses the Net.
16:34 of 1st period - Puck is out of play.
16:35 of 1st period - Mike Blunden wins face-off versus David Steckel in Admirals NSH zone.
16:42 of 1st period - Wrist shot by Mike Blunden.
16:42 of 1st period - Shot Misses the Net.
16:44 of 1st period - Wrist shot by Jyrki Jokipakka.
16:44 of 1st period - Shot Blocked by Brandon Segal.
16:46 of 1st period - Snap shot by Zach Hamill.
16:46 of 1st period - Shot Blocked by Vincent LoVerde.
17:31 of 1st period - Off-side.
17:32 of 1st period - Ryan Stoa wins face-off versus Frazer McLaren in neutral zone.
18:13 of 1st period - Snap shot by Marcel Noebels.
18:13 of 1st period - Stopped by Magnus Hellberg without a rebound.
18:14 of 1st period - David Steckel wins face-off versus Mike Blunden in Pirates zone.
18:23 of 1st period - Wrist shot by Eric Tangradi.
18:23 of 1st period - Goal by Eric Tangradi - Pirates : 2 - Admirals NSH : 0.
18:24 of 1st period - David Steckel wins face-off versus Mike Blunden in neutral zone.
18:29 of 1st period - Snap shot by Eric Tangradi.
18:29 of 1st period - Stopped by Johan Gustafsson with a rebound.
18:31 of 1st period - Slapshot by David Steckel.
18:31 of 1st period - Shot Misses the Net.
18:33 of 1st period - Snap shot by Brandon Segal.
18:33 of 1st period - Shot Misses the Net.
18:35 of 1st period - Snap shot by Brandon Segal.
18:35 of 1st period - Shot Blocked by Patrick Mullen.
18:37 of 1st period - Wrist shot by Brandon Segal.
18:37 of 1st period - Shot Misses the Net.
18:39 of 1st period - Slapshot by Brandon Segal.
18:39 of 1st period - Deflect By Eric Tangradi.
18:39 of 1st period - Shot Misses the Net.
18:39 of 1st period - Puck is out of play.
18:40 of 1st period - David Steckel wins face-off versus Jamie Tardif in Admirals NSH zone.
18:43 of 1st period - Slapshot by Eric Tangradi.
18:43 of 1st period - Shot Blocked by Patrick Mullen.
18:50 of 1st period - Snap shot by Mike Komisarek.
18:50 of 1st period - Shot Blocked by Fredrik Claesson.
18:52 of 1st period - Slapshot by David Steckel.
18:52 of 1st period - Shot Blocked by Fredrik Claesson.
19:22 of 1st period - Snap shot by Ryan Craig.
19:22 of 1st period - Shot Misses the Net.
19:48 of 1st period - Snap shot by Pierre-Cedric Labrie.
19:48 of 1st period - Stopped by Magnus Hellberg with a rebound.
Goals for this period are 2 for Pirates vs 0 for Admirals NSH.
Shots for this period are 10 for Pirates vs 8 for Admirals NSH.

2nd period


0:01 of 2nd period - Mike Blunden wins face-off versus Gilbert Brule in neutral zone.
0:04 of 2nd period - Backhand shot by Alexey Marchenko.
0:04 of 2nd period - Shot Blocked by Ryan Craig.
0:10 of 2nd period - Patrick Mullen is hit by Andrew Alberts and loses puck.
1:26 of 2nd period - Off-side.
1:27 of 2nd period - Brody Sutter wins face-off versus Peter Holland in neutral zone.
2:03 of 2nd period - Snap shot by Frazer McLaren.
2:03 of 2nd period - Shot Blocked by Tyler Cuma.
2:35 of 2nd period - Andrew Alberts is hit by Jyrki Jokipakka and loses puck.
3:00 of 2nd period - Wrist shot by Eric Tangradi.
3:00 of 2nd period - Shot Blocked by Fredrik Claesson.
3:17 of 2nd period - Slapshot by Brandon Segal.
3:17 of 2nd period - Stopped by Johan Gustafsson with a rebound.
3:19 of 2nd period - Wrist shot by David Steckel.
3:19 of 2nd period - Shot Blocked by Frazer McLaren.
3:21 of 2nd period - Snap shot by David Steckel.
3:21 of 2nd period - Shot Blocked by Frazer McLaren.
3:24 of 2nd period - David Steckel beats up Frazer McLaren.
3:24 of 2nd period - Penalty to Frazer McLaren for Fighting.
3:24 of 2nd period - Penalty to David Steckel for Fighting.
3:25 of 2nd period - Gilbert Brule wins face-off versus Jamie Tardif in Admirals NSH zone.
4:17 of 2nd period - Patrick Mullen is hit by Peter Holland and loses puck.
4:50 of 2nd period - Wrist shot by Eric Tangradi.
4:50 of 2nd period - Stopped by Johan Gustafsson with a rebound.
4:52 of 2nd period - Wrist shot by Eric Tangradi.
4:52 of 2nd period - Goal by Eric Tangradi - Pirates : 3 - Admirals NSH : 0.
4:53 of 2nd period - Peter Holland wins face-off versus Brody Sutter in neutral zone.
5:53 of 2nd period - Slapshot by Gilbert Brule.
5:53 of 2nd period - Deflect By Mike Blunden.
5:53 of 2nd period - Shot Misses the Net.
5:53 of 2nd period - Puck is out of play.
5:54 of 2nd period - Ryan Stoa wins face-off versus Jamie Tardif in Admirals NSH zone.
5:58 of 2nd period - Minor Penalty to Mike Blunden for Hooking.
5:59 of 2nd period - Farm Player71 wins face-off versus Gilbert Brule in Admirals NSH zone.
6:19 of 2nd period - Slapshot by Fredrik Claesson.
6:19 of 2nd period - Shot Blocked by Bobby Butler.
7:08 of 2nd period - Pierre-Cedric Labrie is hit by Brandon Segal and loses puck.
7:58 of 2nd period - Penalty to Mike Blunden is over, Mike Blunden is back on ice.
8:12 of 2nd period - Slapshot by Bobby Butler.
8:12 of 2nd period - Stopped by Johan Gustafsson without a rebound.
8:13 of 2nd period - Ryan Stoa wins face-off versus Mike Blunden in Admirals NSH zone.
8:28 of 2nd period - Snap shot by Ryan Stoa.
8:28 of 2nd period - Stopped by Johan Gustafsson without a rebound.
8:29 of 2nd period - Brody Sutter wins face-off versus Peter Holland in Admirals NSH zone.
8:29 of 2nd period - Brody Sutter is hit by Tyler Cuma.
8:37 of 2nd period - Snap shot by Peter Holland.
8:37 of 2nd period - Shot Misses the Net.
9:02 of 2nd period - Patrick Mullen is hit by Freddie Hamilton and loses puck.
10:00 of 2nd period - Snap shot by Pierre-Cedric Labrie.
10:00 of 2nd period - Shot Misses the Net.
10:02 of 2nd period - Slapshot by Brody Sutter.
10:02 of 2nd period - Shot Misses the Net.
10:04 of 2nd period - Slapshot by Patrick Mullen.
10:04 of 2nd period - Stopped by Magnus Hellberg with a rebound.
10:06 of 2nd period - Wrist shot by Alexey Marchenko.
10:06 of 2nd period - Shot Misses the Net.
10:55 of 2nd period - Snap shot by David Steckel.
10:55 of 2nd period - Stopped by Johan Gustafsson with a rebound.
11:52 of 2nd period - Alexey Marchenko is hit by Eric Tangradi and loses puck.
12:53 of 2nd period - Zach Hamill is hit by Ryan Stoa and loses puck.
13:21 of 2nd period - Peter Holland is hit by Frazer McLaren and loses puck.
13:38 of 2nd period - Wrist shot by Frazer McLaren.
13:38 of 2nd period - Stopped by Magnus Hellberg with a rebound.
13:40 of 2nd period - Slapshot by Patrick Mullen.
13:40 of 2nd period - Stopped by Magnus Hellberg with a rebound.
13:42 of 2nd period - Slapshot by Patrick Mullen.
13:42 of 2nd period - Shot Blocked by Freddie Hamilton.
14:02 of 2nd period - Zach Hamill is hit by Andrew Alberts and loses puck.
14:25 of 2nd period - Snap shot by Corey Tropp.
14:25 of 2nd period - Stopped by Magnus Hellberg with a rebound.
14:27 of 2nd period - Slapshot by Jyrki Jokipakka.
14:27 of 2nd period - Stopped by Magnus Hellberg with a rebound.
14:29 of 2nd period - Slapshot by Frederic St. Denis.
14:29 of 2nd period - Shot Misses the Net.
14:31 of 2nd period - Backhand shot by Jyrki Jokipakka.
14:31 of 2nd period - Shot Blocked by Andrew Alberts.
14:33 of 2nd period - Snap shot by Frederic St. Denis.
14:33 of 2nd period - Shot Blocked by Andrew Alberts.
14:35 of 2nd period - Wrist shot by Alexey Marchenko.
14:35 of 2nd period - Shot Misses the Net.
15:14 of 2nd period - David Steckel is hit by Wade Megan and loses puck.
15:23 of 2nd period - Tyler Cuma is hit by Frederic St. Denis and loses puck.
17:33 of 2nd period - Frazer McLaren is hit by Bobby Butler and loses puck.
18:57 of 2nd period - Snap shot by Eric Tangradi.
18:57 of 2nd period - Stopped by Johan Gustafsson with a rebound.
19:27 of 2nd period - Snap shot by Bobby Butler.
19:27 of 2nd period - Shot Misses the Net.
19:55 of 2nd period - Slapshot by Brody Sutter.
19:55 of 2nd period - Shot Blocked by Sam Klassen.
Goals for this period are 1 for Pirates vs 0 for Admirals NSH.
Shots for this period are 7 for Pirates vs 5 for Admirals NSH.

3rd period


0:01 of 3rd period - Jamie Tardif wins face-off versus Gilbert Brule in neutral zone.
0:47 of 3rd period - Ryan Craig is hit by Brody Sutter and loses puck.
1:02 of 3rd period - Snap shot by Frazer McLaren.
1:02 of 3rd period - Shot Misses the Net.
1:04 of 3rd period - Slapshot by Alexey Marchenko.
1:04 of 3rd period - Deflect By Brandon Segal.
1:04 of 3rd period - Stopped by Magnus Hellberg with a rebound.
1:10 of 3rd period - Wrist shot by Frazer McLaren.
1:10 of 3rd period - Shot Misses the Net.
1:12 of 3rd period - Wrist shot by Brody Sutter.
1:12 of 3rd period - Shot Misses the Net.
1:14 of 3rd period - Snap shot by Frazer McLaren.
1:14 of 3rd period - Stopped by Magnus Hellberg without a rebound.
1:15 of 3rd period - David Steckel wins face-off versus Mike Blunden in Pirates zone.
1:26 of 3rd period - Snap shot by Cameron Schilling.
1:26 of 3rd period - Stopped by Magnus Hellberg without a rebound.
1:27 of 3rd period - Mike Blunden wins face-off versus Peter Holland in Pirates zone.
1:32 of 3rd period - Snap shot by Brody Sutter.
1:32 of 3rd period - Deflect By Mike Blunden.
1:32 of 3rd period - Shot Misses the Net.
1:32 of 3rd period - Puck is out of play.
1:33 of 3rd period - Nick Johnson wins face-off versus Mike Blunden in Pirates zone.
2:32 of 3rd period - Snap shot by Brandon Segal.
2:32 of 3rd period - Goal by Brandon Segal - Pirates : 4 - Admirals NSH : 0.
2:32 of 3rd period - Jeremy Smith enters game.
2:33 of 3rd period - Brody Sutter wins face-off versus Gilbert Brule in neutral zone.
2:56 of 3rd period - Wrist shot by Mike Komisarek.
2:56 of 3rd period - Deflect By Gilbert Brule.
2:56 of 3rd period - Shot Misses the Net.
2:56 of 3rd period - Puck is out of play.
2:57 of 3rd period - Mike Blunden wins face-off versus David Steckel in Admirals NSH zone.
2:59 of 3rd period - Minor Penalty to Corey Tropp for Roughing.
3:00 of 3rd period - Gilbert Brule wins face-off versus Mike Blunden in Admirals NSH zone.
3:08 of 3rd period - Snap shot by Mike Blunden.
3:08 of 3rd period - Stopped by Magnus Hellberg with a rebound.
4:01 of 3rd period - David Steckel is hit by Cameron Schilling and loses puck.
4:59 of 3rd period - Penalty to Corey Tropp is over, Corey Tropp is back on ice.
5:08 of 3rd period - Brandon Segal is hit by Corey Tropp and loses puck.
5:50 of 3rd period - Wrist shot by Peter Holland.
5:50 of 3rd period - Shot Misses the Net.
5:52 of 3rd period - Slapshot by Sam Klassen.
5:52 of 3rd period - Shot Blocked by Cameron Schilling.
6:44 of 3rd period - Mike Blunden is hit by Gilbert Brule and loses puck.
6:51 of 3rd period - Snap shot by Bobby Butler.
6:51 of 3rd period - Shot Misses the Net.
7:14 of 3rd period - Snap shot by Peter Holland.
7:14 of 3rd period - Shot Blocked by Marcel Noebels.
7:29 of 3rd period - Minor Penalty to David Steckel for Slashing.
7:30 of 3rd period - Bobby Butler wins face-off versus Brody Sutter in Pirates zone.
7:44 of 3rd period - Slapshot by Patrick Mullen.
7:44 of 3rd period - Shot Blocked by Bobby Butler.
8:06 of 3rd period - Pierre-Cedric Labrie is hit by Ryan Stoa and loses puck.
9:24 of 3rd period - Slapshot by Frederic St. Denis.
9:24 of 3rd period - Stopped by Magnus Hellberg without a rebound.
9:25 of 3rd period - Peter Holland wins face-off versus Mike Blunden in Pirates zone.
9:29 of 3rd period - Penalty to David Steckel is over, David Steckel is back on ice.
9:50 of 3rd period - Snap shot by Patrick Mullen.
9:50 of 3rd period - Stopped by Magnus Hellberg with a rebound.
9:52 of 3rd period - Snap shot by Brody Sutter.
9:52 of 3rd period - Shot Misses the Net.
10:04 of 3rd period - Marcel Noebels is hit by David Steckel and loses puck.
10:37 of 3rd period - Zach Hamill is hit by Freddie Hamilton and loses puck.
11:00 of 3rd period - Zach Hamill is hit by Ryan Stoa.
11:34 of 3rd period - Wrist shot by David Steckel.
11:34 of 3rd period - Deflect By Brandon Segal.
11:34 of 3rd period - Deflect By Jyrki Jokipakka.
11:34 of 3rd period - Stopped by Jeremy Smith without a rebound.
11:35 of 3rd period - David Steckel wins face-off versus Farm Player71 in Admirals NSH zone.
12:04 of 3rd period - Wrist shot by Peter Holland.
12:04 of 3rd period - Stopped by Jeremy Smith with a rebound.
12:06 of 3rd period - Snap shot by Peter Holland.
12:06 of 3rd period - Shot Misses the Net.
13:08 of 3rd period - Gabriel Dumont is hit by Alexey Marchenko and loses puck.
13:15 of 3rd period - Bobby Butler is hit by Alexey Marchenko and loses puck.
13:58 of 3rd period - Slapshot by Zach Hamill.
13:58 of 3rd period - Shot Misses the Net.
14:25 of 3rd period - Slapshot by Jyrki Jokipakka.
14:25 of 3rd period - Shot Misses the Net.
14:27 of 3rd period - Slapshot by Pierre-Cedric Labrie.
14:27 of 3rd period - Shot Blocked by Brandon Segal.
14:41 of 3rd period - David Steckel is hit by Jyrki Jokipakka and loses puck.
15:08 of 3rd period - Slapshot by Gilbert Brule.
15:08 of 3rd period - Stopped by Jeremy Smith without a rebound.
15:09 of 3rd period - Gilbert Brule wins face-off versus Mike Blunden in Admirals NSH zone.
15:12 of 3rd period - Wrist shot by Ryan Craig.
15:12 of 3rd period - Stopped by Jeremy Smith with a rebound.
15:14 of 3rd period - Wrist shot by Ryan Stoa.
15:14 of 3rd period - Deflect By Ryan Craig.
15:14 of 3rd period - Shot Blocked by Fredrik Claesson.
15:14 of 3rd period - Puck is out of play.
15:15 of 3rd period - Mike Blunden wins face-off versus Gilbert Brule in Admirals NSH zone.
16:07 of 3rd period - Off-side.
16:08 of 3rd period - Ryan Stoa wins face-off versus Jamie Tardif in neutral zone.
16:25 of 3rd period - Snap shot by Gabriel Dumont.
16:25 of 3rd period - Shot Misses the Net.
17:12 of 3rd period - Snap shot by Freddie Hamilton.
17:12 of 3rd period - Stopped by Jeremy Smith with a rebound.
18:03 of 3rd period - Marcel Noebels is hit by David Steckel and loses puck.
18:58 of 3rd period - Cameron Schilling is hit by Vincent LoVerde and loses puck.
19:07 of 3rd period - Wrist shot by Bobby Butler.
19:07 of 3rd period - Deflect By Gilbert Brule.
19:07 of 3rd period - Shot Blocked by Patrick Mullen.
19:07 of 3rd period - Puck is out of play.
19:08 of 3rd period - Gilbert Brule wins face-off versus Mike Blunden in Admirals NSH zone.
19:14 of 3rd period - Icing by Patrick Mullen.
19:15 of 3rd period - Peter Holland wins face-off versus Mike Blunden in Admirals NSH zone.
Goals for this period are 1 for Pirates vs 0 for Admirals NSH.
Shots for this period are 6 for Pirates vs 6 for Admirals NSH.


Output by the SimonT Hockey Simulator (STHS) for Eric Dolegowski -- Original Page W3C XHTML 1.0 Valid
Hockey Simulator - Hockey Simulation - Hockey Manager